 Dungeon Crawl Stone Soup version 0.29.1-1-gd02db6906a (webtiles) character file.

Game seed: 8667129226901235010

171 GigaChad the Trooper (level 5, -2/48 HPs)
             Began as a Minotaur Fighter on Oct 13, 2022.
             Succumbed to a kobold's poison
             ... on level 4 of the Dungeon on Oct 14, 2022.
             The game lasted 00:09:03 (3436 turns).

GigaChad the Trooper (Minotaur Fighter)             Turns: 3436, Time: 00:09:03

Health: -2/48      AC:  3    Str: 23    XL:     5   Next: 26%
Magic:  4/4        EV:  6    Int:  5    God:
Gold:   153        SH:  4    Dex:  9    Spells: 4/4 levels left

rFire   . . .      SeeInvis .   a - +1 long sword
rCold   . . .      Faith    .   c - +0 buckler
rNeg    . . .      Spirit   .   l - +0 plate armour
rPois   .          Reflect  .   (helmet restricted)
rElec   .          Harm     .   (no cloak)
rCorr   .          Rampage  .   (no gloves)
Will    .....                   (no boots)
Stlth   ..........              (no amulet)
HPRegen 0.16/turn               (no ring)
MPRegen 0.09/turn               (no ring)

@: lethally poisoned (-2 -> -12), corroded
A: horns 2, retaliatory headbutt
a: no special abilities


You were on level 4 of the Dungeon.
You visited 1 branch of the dungeon, and saw 4 of its levels.

You collected 153 gold pieces.

Inventory:

Hand Weapons
 a - a +1 long sword (weapon)
Missiles
 p - 3 poisoned darts
 q - 5 atropa-tipped darts
 s - 6 javelins (quivered)
Armour
 b - a +0 scale mail
 c - a +0 buckler (worn)
 f - the +5 ring mail of Conscience {Will+ Dex+6}
   (You found it on level 3 of the Dungeon)

   Dex:       It affects your dexterity (+6).
   Will:      It increases your willpower.
 h - a +0 chain mail
 l - a +0 plate armour (worn)
Scrolls
 j - 2 scrolls of poison {unknown}
 m - 5 scrolls of immolation
 n - a scroll of blinking {unknown}
 r - a scroll of noise {unknown}
Potions
 d - a potion of might
 e - a potion of degeneration {unknown}
 g - 2 potions of flight {unknown}
 i - a potion of ambrosia {unknown}
 k - 2 potions of curing {unknown}
 o - a potion of heal wounds {unknown}
 t - a potion of mutation {unknown}


   Skills:
 + Level 5.5 Fighting
 + Level 3.8 Long Blades
 - Level 3.7 Armour
 - Level 5.0 Shields


You had 4 spell levels left.
You didn't know any spells.
Your spell library contained the following spells:

 Spells                   Type           Power      Damage    Failure   Level
 Portal Projectile        Hex/Tloc       0%         N/A       100%        3
 Tukima's Dance           Hex            0%         N/A       100%        3
 Blade Hands              Tmut           0%         N/A       100%        5


Dungeon Overview and Level Annotations

Branches:
Dungeon (4/15)
 Temple: D:4-7

Altars:
Uskayaw


Innate Abilities, Weirdness & Mutations

You have a pair of horns on your head.
You reflexively headbutt those who attack you in melee.


Message History

You feel sick.
You feel sick.
You are no longer poisoned.
The kobold throws a poisoned dart.
The poisoned dart hits you.
You are poisoned.
You feel sick.
You feel sick.
The kobold throws a poisoned dart.
The poisoned dart hits you!
You are more poisoned.
You feel sick. You block the kobold's attack.
You feel sick. The kobold barely misses you. You furiously retaliate!
You headbutt the kobold, but do no damage.
You hit the kobold.
The kobold is moderately wounded.
You feel sick. The kobold hits you but does no damage.
You are more poisoned.
A kobold zombie comes into view.
You closely miss the kobold.
The kobold is moderately wounded.
You feel very sick.
The kobold hits you with a +2 dagger of venom.
* * * LOW HITPOINT WARNING * * *
You are lethally poisoned!
You closely miss the kobold.
You headbutt the kobold, but do no damage.
The kobold is moderately wounded.
* * * LOW HITPOINT WARNING * * *
You feel very sick. You block the kobold's attack.
The kobold hits you but does no damage.
You barely miss the kobold.
The kobold is moderately wounded.
* * * LOW HITPOINT WARNING * * *
You feel very sick. You block the kobold's attack.
The kobold zombie hits you but does no damage.
You hit the kobold.
You kill the kobold!
* * * LOW HITPOINT WARNING * * *
You feel very sick.
The kobold zombie hits you but does no damage.
You die...

#.#.# #.#.# #.#. #.#.#
#.#.##.#.## .......... #
#..#.#.# ######.###
#.#....Z.######.....#..#
#...<.............#...#.
.......@######..#...#...
..............#...#...#(
....######..#...#...#...
... #.#...#...#...#. ..
#...#...#...#... .
.....#...#...#...#.
...#....#...#...#... ##
##.#...#...#...#^
#...#...#...#...


You could see a kobold zombie.

Vanquished Creatures
  A jelly (D:4)
  Jessica (D:3)
  Robin (D:4)
  2 adders
  A worm (D:4)
  6 dart slugs
  An orc (D:4)
  2 endoplasms
  A giant cockroach (D:3)
  13 goblins
  3 hobgoblins
  7 jackals
  7 kobolds
  2 quokkas
  5 ball pythons
  3 bats
  9 frilled lizards
  5 rats
70 creatures vanquished.

Notes
Turn   | Place    | Note
-------+----------+-------------------------------------------
     0 | D:1      | GigaChad the Minotaur Fighter began the quest for the Orb.
     0 | D:1      | Reached XP level 1. HP: 19/19 MP: 0/0
   312 | D:1      | Reached XP level 2. HP: 27/27 MP: 1/1
   580 | D:1      | Found a faded altar of an unknown god.
  1243 | D:2      | Found a hide-covered altar of Uskayaw.
  1267 | D:2      | Reached XP level 3. HP: 34/34 MP: 2/2
  2064 | D:3      | Noticed Jessica
  2077 | D:3      | Killed Jessica
  2078 | D:3      | Reached XP level 4. HP: 28/41 MP: 3/3
  2079 | D:3      | Reached skill level 5 in Fighting
  2287 | D:3      | Identified the +5 ring mail of Conscience {Will+ Dex+6}
  2601 | D:3      | Reached skill level 5 in Shields
  2994 | D:4      | Noticed Robin
  3008 | D:4      | Killed Robin
  3414 | D:4      | Reached XP level 5. HP: 37/48 MP: 4/4
  3435 | D:4      | HP: 1/48 [poisoned by a kobold]
  3436 | D:4      | Succumbed to a kobold's poison

Illustrated notes

Levels and vault maps discovered:
D:1:      amcnicky_arrival_double_pillar, layout_basic,
          hellmonk_ecumenical_altar_leap_of_faith
D:2:      layout_loops_ring, basic_altar, minmay_cupped
D:3:      layout_basic, uniq_jessica
D:4:      layout_basic, minmay_misc_feat_tiny, abandoned_shop,
          grunt_ministairs_13, hex_large, minmay_mini_ossuary, uniq_robin,
          uniq_grinder, uniq_blork_the_orc

Skill      XL: |  1  2  3  4 |
---------------+-------------+-----
Shields        | 4 5 |  5.0
Fighting       | 4 5 |  5.5
Long Blades    | 3 |  3.8
Armour         | |  3.7

Action                   |  1- 3 |  4- 6 || total
-------------------------+-------+-------++-------
Melee: Long sword        |    95 |    62 ||   157
       Headbutt          |    12 |    15 ||    27
  Use: Scroll            |     1 |     2 ||     3
Armor: Chain mail        |    15 |       ||    15
       Scale mail        |     4 |       ||     4
       Plate armour      |    41 |    46 ||    87
Dodge: Dodged            |    43 |    23 ||    66
Block: Buckler           |    30 |    14 ||    44
